Map: Lock & Load

Players

Yuriprime

  • Race: Zerg Zerg
  • Spawn Location: 7:00

ViS

  • Race: Zerg Zerg

VOD

Have the link to the VOD?

Description

Time

  • Played on: Jan. 6, 2018, 11:50 p.m.
  • Length: 11:30
Show
View Real Time Build Order
Export as new Build Order

Yuriprime Zerg 

Build Orders:  

Get SALT Encoding   

  12  0:04  Drone  
  13  0:18  Overlord  
  13  0:25  Drone  
  14  0:44  Drone x2  
  14  0:45  Drone  
  14  0:48  Drone  
  18  1:00  Drone  
  18  1:01  Extractor  
  18  1:05  Drone, Extractor  
  18  1:11  Drone  
  18  1:16  Drone  
  20  1:23  Drone  
  21  1:49  Roach Warren  
  20  2:02  Overlord  
  20  2:06  Drone  
  21  2:21  Lair  
  21  2:26  Drone  
  22  2:44  Drone x4  
  26  3:05  Spire  
  25  3:21  Overlord  
  25  3:37  Mutalisk  
  27  3:40  Mutalisk  
  27  3:47  Roach x2  
  33  4:07  Mutalisk  
  33  4:10  Mutalisk x2  
  33  4:11  Roach  
  37  4:35  Leviathan  
  37  4:38  Leviathan  
  37  4:42  Overlord  
  37  4:43  Overlord x3  
  37  5:20  Mutalisk  
  37  5:25  Infestation Pit, Overlord  
  37  5:26  Overlord  
  36  5:48  Leviathan  
  36  6:14  Hive  
  36  6:16  Mutalisk x2  
  40  7:02  Sundering Glave  
  40  7:28  Mutalisk  
  42  7:34  Roach  
  42  7:45  Roach x2  
  42  7:56  Brutalisk  
  42  8:07  Brutalisk x2  
  42  8:11  Mutalisk x2  
  42  8:12  Roach  
  42  8:13  Roach x6  
  60  9:00  Mutalisk  
  60  9:02  Roach x4  
  70  9:22  Mutalisk  
  70  9:24  Roach  
  74  10:04  Roach  
  74  10:05  Roach x2, Mutalisk x2  
Show
View Real Time Build Order
Export as new Build Order

ViS Zerg 

Build Orders:  

Get SALT Encoding   

  18  0:04  Primal Drone  
  19  0:12  Primal Drone  
  20  0:21  Primal Drone  
  20  0:29  Extractor  
  21  0:53  Primal Warden  
  22  1:02  Extractor  
  22  1:16  Primal Drone x2  
  24  1:33  Primal Drone x2  
  26  1:51  Primal Drone x2  
  28  2:09  Glevig's Den  
  27  2:13  Primal Drone  
  27  2:17  Primal Drone  
  29  2:38  Primal Drone  
  30  2:47  Primal Drone  
  31  3:02  Primal Drone  
  31  3:06  Primal Attacks Level 1  
  32  3:23  Primal Warden  
  32  3:34  Primal Drone x2  
  34  3:51  Murvar's Den  
  34  3:59  Primal Drone  
  36  4:28  Primal Warden  
  36  4:31  Primal Warden  
  36  4:41  Primal Drone x3  
  39  5:15  Primal Drone x2  
  36  5:33  Primal Drone  
  37  5:47  Primal Drone  
  38  6:01  Primal Drone  
  38  6:08  Dakrun's Den, Primal Swarm Host x2  
  38  6:09  Primal Swarm Host x4  
  56  6:27  Primal Drone x2  
  58  6:30  Primal Swarm Host  
  61  6:47  Primal Drone  
  60  6:58  Primal Drone  
  58  7:01  Primal Zergling  
  58  7:02  Primal Swarm Host  
  62  7:51  Primal Swarm Host  
  62  7:52  Primal Swarm Host x2  
  71  8:07  Primal Swarm Host  
  74  8:34  Primal Swarm Host  
  77  9:09  Primal Swarm Host  
  80  9:10  Primal Swarm Host  
  80  9:11  Primal Zergling  
  80  9:12  Primal Zergling x4  
  88  9:23  Primal Drone  
  88  9:24  Primal Drone x4  
  93  9:31  Primal Swarm Host  
  96  10:13  Primal Zergling  
  96  10:14  Primal Zergling x11  
Tags
 
Commander
AbathurDehaka
Matchup
Co-op
Replay Pack
Co-op Speedrun
Add a new tag
Caveats
  • Supply blocks, unpowered buildings, or Contaminate may cause inaccurate times.
  • Supply counts are checked every 10 seconds.